 Dungeon Crawl Stone Soup version 0.20.1-1-g8b1a95d (webtiles) character file.

124 slep the Skirmisher (level 4, 0/40 HPs)
             Began as a Demonspawn Wanderer on Oct 22, 2017.
             Slain by Ijyb
             ... wielding a +5 club
              (1 damage)
             ... on level 3 of the Dungeon.
             The game lasted 00:15:45 (1920 turns).

slep the Skirmisher (Demonspawn Wanderer)           Turns: 1920, Time: 00:15:46

Health: 0/40       AC: 11    Str: 14    XL:     4   Next: 81%
Magic:  0/4        EV: 10    Int: 11    God:
Gold:   190        SH:  0    Dex: 14    Spells: 3/3 levels left

rFire    . . .     SeeInvis .   c - +0 falchion
rCold    . . .     Gourm    .   (no shield)
rNeg     . . .     Faith    .   d - +0 ring mail
rPois    .         Spirit   +   (helmet restricted)
rElec    .         Reflect  .   o - scarf {Spirit}
rCorr    .         Harm     .   (no gloves)
MR       .....                  (no boots)
Stlth    ++........             (no amulet)
Regen    0.2/turn               s - ring of stealth
MPRegen  0.1/turn               (no ring)

@: sanguine armour
A: horns 1, sanguine armour 1
a: no special abilities


You were on level 3 of the Dungeon.
You were hungry.

You visited 1 branch of the dungeon, and saw 3 of its levels.

You collected 190 gold pieces.

Inventory:

Hand Weapons
 b - a +2 blowgun
 c - a +0 falchion (weapon)
 t - a +0 halberd
Missiles
 a - 4 curare-tipped needles
 e - 4 poisoned needles
 p - a javelin (quivered)
Armour
 d - a +0 ring mail (worn)
 o - a scarf of spirit shield (worn)
Jewellery
 s - a ring of stealth (left hand)
Scrolls
 g - 2 scrolls of amnesia {unknown}
 h - 2 scrolls of identify {unknown}
 i - a scroll of enchant armour {unknown}
 r - a scroll of teleportation {unknown}
Comestibles
 f - 3 bread rations
 k - 5 chunks of flesh
 n - 2 royal jellies
 q - a meat ration


   Skills:
 + Level 5.9 Fighting
 + Level 2.3 Long Blades
 + Level 2.1 Throwing
 + Level 2.2 Armour
 + Level 0.8 Dodging


You had 3 spell levels left.
You didn't know any spells.

Dungeon Overview and Level Annotations

Branches:
Dungeon (3/15)

Altars:

Annotations:
D:3 Ijyb


Innate Abilities, Weirdness & Mutations

You have a pair of small horns on your head.
When seriously injured, your bleeding wounds create armour. (AC +6)


Message History

You barely miss Ijyb.
Ijyb is almost dead.
Ijyb hits you but does no damage.
You barely miss Ijyb. Your headbutt misses Ijyb.
Ijyb is almost dead.
Ijyb hits you but does no damage.
You hit Ijyb but do no damage.
Ijyb is almost dead.
Ijyb barely misses you.
You barely miss Ijyb.
Ijyb is almost dead.
Ijyb barely misses you. Ijyb hits you with an enchanted club.
* * * LOW HITPOINT WARNING * * *
You hit Ijyb but do no damage.
Ijyb is almost dead.
Ijyb hits you but does no damage.
You hit Ijyb but do no damage. You headbutt Ijyb, but do no damage.
Ijyb is almost dead.
Ijyb hits you with an enchanted club.
You die...

######.....###.# ####
#.........##..##
...####.........#.###
...'..'.........##..##
...####..........###.#
#### ######....##..##
######.### ###.)##
#@###†# #g#..###
#.(....# ##(....#
#(....# #.)...#
#.....# #.((..#
##.....###


You could see Ijyb.

Vanquished Creatures
  2 gnolls (D:3)
  3 adders
  4 worms
  A dart slug (D:1)
  5 leopard geckos
  8 bats
  3 giant cockroaches
  5 hobgoblins
  7 jackals (D:2)
  6 kobolds
  3 frilled lizards
  4 goblins
  8 rats
59 creatures vanquished.

Notes
Turn   | Place    | Note
-------+----------+-------------------------------------------
     0 | D:1      | slep the Demonspawn Wanderer began the quest for the Orb.
     0 | D:1      | slep set off with: 4 curare-tipped needles, a +2 blowgun, a +0 falchion, a +0 ring mail, a bread ration
     0 | D:1      | Reached XP level 1. HP: 21/21 MP: 1/1
   237 | D:1      | Gained mutation: When seriously injured, your bleeding wounds create armour. (AC +6) [demonic ancestry]
   237 | D:1      | Reached XP level 2. HP: 25/27 MP: 2/2
   838 | D:2      | Reached XP level 3. HP: 9/33 MP: 3/3
  1573 | D:2      | Gained mutation: You have a pair of small horns on your head. [demonic ancestry]
  1573 | D:2      | Reached XP level 4. HP: 32/40 MP: 4/4
  1856 | D:3      | Noticed Ijyb
  1908 | D:3      | HP: 2/40 [Ijyb/enchanted club (2)]
  1918 | D:3      | HP: 1/40 [Ijyb/enchanted club (1)]
  1920 | D:3      | Slain by Ijyb

Skill      XL: |  1  2  3  4 |
---------------+-------------+-----
Armour         | 2 |  2.2
Long Blades    | 2 |  2.3
Throwing       | 2 |  2.1
Fighting       | |  5.9
Dodging        | |  0.8

Action                   |  1- 3 |  4- 6 || total
-------------------------+-------+-------++-------
Melee: Falchion          |   138 |    68 ||   206
       Headbutt          |       |    10 ||    10
Throw: Tomahawk          |    12 |    12 ||    24
       Javelin           |       |     5 ||     5
  Use: Potion            |     4 |     4 ||     8
 Stab: Sleeping          |       |     1 ||     1
  Eat: Chunk             |     2 |     1 ||     3
Armor: Ring mail         |    60 |    21 ||    81
       Skin              |       |    22 ||    22
Dodge: Dodged            |    67 |    29 ||    96
       Rpst.: Falchion   |    22 |     8 ||    30
